 Dungeon Crawl Stone Soup version 0.20.1-1-g8b1a95d (webtiles) character file.

337 Finerminer the Shield-Bearer (level 6, -14/48 HPs)
             Began as a Formicid Fighter on Aug 28, 2017.
             Demolished by an ogre
             ... wielding a +0 giant club
              (18 damage)
             ... on level 4 of the Dungeon on Aug 29, 2017.
             The game lasted 00:11:34 (2258 turns).

Finerminer the Shield-Bearer (Formicid Fighter)     Turns: 2258, Time: 00:11:35

Health: -14/48     AC: 12    Str: 27    XL:     6   Next: 85%
Magic:  6/6        EV:  7    Int:  7    God:
Gold:   146        SH: 20    Dex: 11    Spells: 5/5 levels left

rFire    . . .     SeeInvis +   a - +0 long sword
rCold    . . .     Gourm    .   u - +0 large shield
rNeg     . . .     Faith    .   b - +0 scale mail
rPois    +         Spirit   .   (helmet unavailable)
rElec    .         Reflect  +   t - +2 cloak {rPois}
rCorr    .         Harm     .   o - +1 pair of gloves
MR       .....                  (no boots)
Stlth    ..........             y - +4 amulet of reflection
Regen    0.2/turn               i - +3 ring of slaying
MPRegen  0.1/turn               (no ring)

@: mighty
A: permanent stasis, dig shafts and tunnels, four strong arms, antennae 3
a: Dig, Shaft Self


You were on level 4 of the Dungeon.
You were not hungry.

You visited 1 branch of the dungeon, and saw 4 of its levels.

You collected 146 gold pieces.

Inventory:

Hand Weapons
 a - a +0 long sword (weapon)
Armour
 b - a +0 scale mail (worn)
 c - a +0 shield
 o - a +1 pair of gloves (worn)
 t - a +2 cloak of poison resistance (worn)
 u - a +0 large shield (worn)
Jewellery
 i - a +3 ring of slaying (left hand)
 y - a +4 amulet of reflection (around neck)
Scrolls
 e - 2 scrolls of amnesia {unknown}
 h - 3 scrolls of identify
 j - 2 scrolls of noise {unknown}
 n - 3 scrolls of teleportation {unknown}
 p - a scroll of random uselessness {unknown}
 q - 3 scrolls of blinking {unknown}
 v - a scroll of enchant armour {unknown}
 z - a scroll of recharging {unknown}
 A - a scroll of remove curse {unknown}
 B - a scroll of magic mapping {unknown}
Potions
 g - 2 potions of mutation {unknown}
 k - a potion of haste {unknown}
 r - a potion of degeneration {unknown}
 s - a potion of invisibility {unknown}
Comestibles
 f - 4 bread rations
 l - a royal jelly
 m - 2 meat rations
 w - 4 fruits
 x - 5 chunks of flesh


   Skills:
 + Level 4.2 Fighting
 * Level 4.5 Long Blades
 + Level 4.3 Armour
 - Level 0.6 Dodging
 + Level 5.2 Shields


You had 5 spell levels left.
You didn't know any spells.

Dungeon Overview and Level Annotations

Branches:
Dungeon (4/15)
 Temple: D:4-7

Altars:
Ashenzari
Gozag
Kikubaaqudgha
Makhleb
Trog


Innate Abilities, Weirdness & Mutations

You cannot be hasted, slowed, berserked, paralysed or teleported.
You can dig through walls and to a lower floor.
Your four strong arms can wield two-handed weapons with a shield.
You have a pair of large antennae on your head. (SInv)


Message History

A centaur skeleton comes into view.
There is a stone staircase leading up here.
Okay, then.
You slash the ogre!
The ogre is moderately wounded.
You block the ogre's attack.
You barely miss the ogre.
The ogre is moderately wounded.
You block the ogre's attack.
You barely miss the ogre.
The ogre is moderately wounded.
The ogre hits you with a giant club!
You feel very mighty all of a sudden. The ogre hits you with a giant club!!
* * * LOW HITPOINT WARNING * * *
You barely miss the ogre.
The ogre is moderately wounded.
You block the centaur skeleton's attack. x2
The ogre hits you with a giant club!!
You die...

.........########....###.###.#..#
.....##.....#..##%.#.....#. .....
.....##.##.................# ##.#
.........................### #
..######.................# ..###
#.................# ....#
##.##.##............#
....###..##......O......#.#
..............#.@Z.........
##.####.).....#............> #.#
##.....>#....#...#.... #.#
#.............#.##... #.##
#........###..#...... #..#
#.####.#.# ##........ ##.#
##......#.###)........
#.###...####.....<...####.
#..##..## #..........#


You could see an ogre and a centaur skeleton.

Vanquished Creatures
  A scorpion (D:3)
  Crazy Yiuf (D:2)
  A jelly (D:4)
  2 orc wizards (D:3)
  A worker ant (D:4)
  Robin (D:2)
  4 adders
  An ooze (D:2)
  3 worms
  5 dart slugs
  5 leopard geckos
  4 orcs
  7 bats
  2 giant cockroaches
  12 goblins
  11 hobgoblins
  2 quokkas
  A ball python (D:1)
  4 frilled lizards
  4 kobolds
  A quokka skeleton (D:4)
  11 rats
84 creatures vanquished.

Notes
Turn   | Place    | Note
-------+----------+-------------------------------------------
     0 | D:1      | Finerminer the Formicid Fighter began the quest for the Orb.
     0 | D:1      | Reached XP level 1. HP: 18/18 MP: 1/1
    56 | D:1      | Reached skill level 4 in Shields
    56 | D:1      | Reached XP level 2. HP: 12/24 MP: 2/2
   634 | D:1      | Reached XP level 3. HP: 29/29 MP: 3/3
   948 | D:2      | Reached XP level 4. HP: 34/35 MP: 4/4
   967 | D:2      | Found a bloodstained altar of Trog.
  1008 | D:2      | Noticed Robin
  1047 | D:2      | Killed Robin
  1096 | D:2      | Reached XP level 5. HP: 37/42 MP: 5/5
  1193 | D:2      | Found a burning altar of Makhleb.
  1193 | D:2      | Found an ancient bone altar of Kikubaaqudgha.
  1319 | D:2      | Found a runed door.
  1363 | D:2      | Noticed Crazy Yiuf
  1370 | D:2      | Killed Crazy Yiuf
  1581 | D:3      | Found an opulent altar of Gozag.
  1720 | D:3      | Reached XP level 6. HP: 24/48 MP: 6/6
  1867 | D:3      | Found a shattered altar of Ashenzari.
  2075 | D:3      | Reached skill level 5 in Shields
  2246 | D:4      | Noticed an ogre
  2258 | D:4      | Demolished by an ogre

Skill      XL: |  1  2  3  4  5  6 |
---------------+-------------------+-----
Shields        | 4 5 |  5.2
Long Blades    | 3 4 |  4.5
Armour         | 4 |  4.3
Fighting       | 4 |  4.2
Dodging        | |  0.6

Action                   |  1- 3 |  4- 6 || total
-------------------------+-------+-------++-------
Melee: Long sword        |    93 |   182 ||   275
  Use: Scroll            |       |     1 ||     1
       Potion            |       |     1 ||     1
  Eat: Chunk             |       |     5 ||     5
Armor: Scale mail        |    34 |    75 ||   109
Dodge: Dodged            |    19 |    48 ||    67
Block: Shield            |    53 |    42 ||    95
       Large shield      |       |   103 ||   103
       Rpst.: Long sword |     5 |    15 ||    20
